 Dungeon Crawl Stone Soup version 0.30.1-4-g462c640d31 (webtiles) character file.

Game seed: 2768440017806992618

9184 DildoBatman the Protected (level 11, -13/87 HPs)
             Began as a Formicid Conjurer on Sept 17, 2023.
             Was a Priest of Kikubaaqudgha.
             Mangled by a komodo dragon (15 damage)
             ... on level 11 of the Dungeon.
             The game lasted 00:35:06 (9796 turns).

DildoBatman the Protected (Formicid Conjurer)       Turns: 9796, Time: 00:35:06

Health: -13/87     AC: 16    Str: 10    XL:     11   Next: 69%
Magic:  12/21      EV: 19    Int: 22    God:    Kikubaaqudgha [***...]
Gold:   594        SH:  0    Dex: 12    Spells: 16/24 levels left

rFire   . . .        a - +4 spear
rCold   . . .        (no shield)
rNeg    . . .        L - +0 steam dragon scales
rPois   .            (helmet unavailable)
rElec   .            M - +0 cloak
rCorr   .            l - +0 pair of gloves
SInv    +            s - +1 pair of boots
Will    +....        r - amulet of regeneration
Stlth   ++           P - +5 ring of evasion
HPRegen 1.14/turn    A - +4 ring of protection
MPRegen 0.17/turn

%: no passive effects
@: marked, spiked, invisible
A: permanent stasis, dig shafts and tunnels, antennae 3, four strong arms, sense
surroundings 1, weak 1, wild magic 1
a: Dig, Shaft Self, Renounce Religion, Unearth Wretches


You were on level 11 of the Dungeon.
You worshipped Kikubaaqudgha.
Kikubaaqudgha was most pleased with you.
You visited 2 branches of the dungeon, and saw 13 of its levels.
You also visited: Sewer.

You collected 682 gold pieces.
You spent 88 gold pieces at shops.

Inventory:

Hand Weapons
 a - a +4 spear (weapon)
 c - a +0 shortbow
Missiles
 j - 2 javelins
 t - 2 curare-tipped darts
 v - 13 poisoned darts
 y - a throwing net
Armour
 l - a +0 pair of gloves (worn)
 s - a +1 pair of boots (worn)
 L - +0 steam dragon scales (worn)
 M - a +0 cloak (worn)
Magical Staves
 k - a staff of poison
Jewellery
 e - a +6 ring of intelligence
 r - an amulet of regeneration (around neck)
 w - a ring of ice
 A - a +4 ring of protection (right hand)
 P - a +5 ring of evasion (left hand)
Wands
 B - a wand of flame (9)
 G - a wand of acid (14)
 N - a wand of mindburst (5)
Scrolls
 d - 2 scrolls of fear
 f - 11 scrolls of teleportation {unknown}
 n - 2 scrolls of torment {unknown}
 o - a scroll of enchant weapon {unknown}
 q - 2 scrolls of amnesia {unknown}
 u - 3 scrolls of blinking {unknown}
 x - a scroll of brand weapon {unknown}
 C - 7 scrolls of fog {unknown}
 D - 2 scrolls of immolation {unknown}
 H - 3 scrolls of identify
 I - 5 scrolls of poison {unknown}
 R - a scroll of butterflies {unknown}
 T - 2 scrolls of vulnerability {unknown}
 U - a scroll of silence {unknown}
Potions
 b - 4 potions of curing {unknown}
 h - 2 potions of lignification
 m - 2 potions of invisibility
 p - 3 potions of flight {unknown}
 F - 2 potions of degeneration {unknown}
 J - a potion of cancellation
 K - a potion of might
 O - a potion of brilliance
 S - a potion of mutation


   Skills:
 - Level 8.6 Fighting
 - Level 8.6 Armour
 - Level 6.5 Dodging
 - Level 3.0 Stealth
 - Level 7.0 Spellcasting
 - Level 5.0 Conjurations
 * Level 6.0 Necromancy
 * Level 7.3 Earth Magic


You had 16 spell levels left.
You knew the following spells:

 Your Spells              Type           Power      Damage    Failure   Level
a - Searing Ray           Conj           76%        2d7       3%          2
b - Borgnjor's Vile Clut  Necr/Erth      24%        N/A       21%         5
c - Magic Dart            Conj           100%       1d8       2%          1

Your spell library contained the following spells:

 Spells                   Type           Power      Damage    Failure   Level
 Kiss of Death            Conj/Necr      100%       2d13      1%          1
 Necrotise                Necr           100%       1d9       1%          1
 Passwall                 Tmut/Erth      25%        N/A       4%          2
 Static Discharge         Conj/Air       48%        2-4/arc   7%          2
 Cigotuvi's Dreadful Rot  Necr/Pois/Air  42%        N/A       9%          2
 Animate Dead             Necr           44%        N/A       11%         4
 Dispel Undead            Necr           44%        3d17      11%         4
 Apportation              Tloc           20%        N/A       13%         1
 Beastly Appendage        Tmut           20%        N/A       13%         1
 Summon Small Mammal      Summ           40%        N/A       13%         1
 Dazzling Flash           Conj/Hex       48%        N/A       13%         3
 Ensorcelled Hibernation  Hex/Ice        20%        N/A       17%         2
 Wereblood                Tmut           10%        N/A       17%         2
 Agony                    Necr           44%        N/A       26%         5
 Call Canine Familiar     Summ           10%        N/A       32%         3
 Gell's Gravitas          Tloc           10%        N/A       32%         3
 Spider Form              Tmut/Pois      10%        N/A       32%         3
 Summon Guardian Golem    Hex/Summ       10%        N/A       32%         3
 Teleport Other           Tloc           10%        N/A       32%         3
 Fulminant Prism          Conj/Hex       12%        3d8       36%         4
 Iskenderun's Mystic Bla  Conj/Tloc      24%        2d7       36%         4
 Airstrike                Air            5%         2d(1-17)  71%         4
 Passage of Golubria      Tloc           10%        N/A       71%         4
 Summon Lightning Spire   Summ/Air       10%        N/A       71%         4
 Silence                  Hex/Air        5%         N/A       95%         5
 Simulacrum               Ice/Necr       13%        N/A       99%         6
 Dispersal                Tloc           5%         N/A       100%        6
 Lehudib's Crystal Spear  Conj/Erth      22%        10d6      100%        8
 Swiftness                Air            Unusable   N/A       N/A         3

Dungeon Overview and Level Annotations

Branches:
Dungeon (12/15)            Temple (1/1) D:4           Sewer (visited)
   Lair: D:8-11         Orc: D:9-12

Altars:
Ashenzari
Dithmenos
Elyvilon
Fedhas
Gozag
Kikubaaqudgha
Makhleb
Nemelex Xobeh
Okawaru
Ru
Sif Muna
Uskayaw
Vehumet
Wu Jian
Xom
Yredelemnul
The Shining One

Shops:
D:1 [   D:6 !

Annotations:
D:6 Maggie
D:12 Fannar


Innate Abilities, Weirdness & Mutations

You cannot be hasted, slowed, berserked, paralysed or teleported.
You can dig through walls and to a lower floor.
You have a pair of large antennae on your head. (SInv)
Your four strong arms can wield two-handed weapons with a shield.
You passively map a small area around you.
You are weak. (Str -2)
Your spells are a little harder to cast, but a little more powerful.


Message History

The orc priest invokes the aid of Beogh against you.
Beogh smites you!
The orc wizard casts a spell.
The orc wizard flickers and vanishes for a moment.
There is a stone staircase leading up here.
You fade into invisibility!
The orc wizard gestures at you while chanting.
The magic dart hits you but does no damage.
Fannar the Cold-Hearted comes into view.
They are wielding a staff of cold and wearing a +1 robe of cold resistance.
The manticore flicks its tail.
The volley of spikes misses you.
A centaur comes into view.
The manticore flicks its tail.
The volley of spikes hits you.
The barbed spikes become lodged in your body.
The centaur wields a +0 shortbow.
The centaur shoots an arrow.
The arrow hits you.
Okay, then.
The barbs in your skin will harm you if you move.
Continue?
The barbed spikes dig painfully into your body as you move.
An orc comes into view. It is wielding a +0 club.
The centaur shoots an arrow.
The arrow closely misses you.
There is a stone staircase leading up here.
The centaur shoots an arrow.
The arrow closely misses you.
The manticore flicks its tail.
The volley of spikes misses you.
The orc wizard gestures at you while chanting.
The magic dart hits you but does no damage.
The centaur shoots an arrow.
The arrow barely misses you.
The barbed spikes dig painfully into your body as you move.
You climb upwards.
The two-headed ogre completely misses you.
The two-headed ogre misses you. The komodo dragon bites you!
You die...
Kikubaaqudgha rasps: "You have failed me!
Welcome... death!"

#######################
#......o...............
#....l@O....########...
#..######.T.# #.## #..#
#{..# #.# #..######...#
#.# #.........l.# #.#
#.........{.# #.#
#...#######.########.##
#...# #.l.{)Tl)....
#...# #.#########..


You could see a two-headed ogre (unable to see you), a komodo dragon (unable to
see you), a troll (unable to see you) and an orc wizard (invisible, unable to
see you).

Vanquished Creatures
  Snorg (D:12)
  2 two-headed ogres
  A gargoyle (D:10)
  An unseen horror (D:11)
  3 trolls
  Prince Ribbit (D:8)
  Sigmund (D:6)
  A shadow (D:12)
  2 wraiths (D:10)
  5 yaks (D:10)
  2 steam dragons
  2 vampire mosquitoes (D:10)
  Duvessa (D:5)
  2 water moccasins
  A sky beast (D:8)
  5 orc warriors
  3 black bears
  4 ogres
  6 centaurs
  2 phantoms
  3 kobold brigands
  4 bullfrogs
  6 scorpions
  Dowan (D:5)
  7 howler monkeys
  A gnoll bouda (D:10)
  A hound (D:5)
  A jelly (D:6)
  6 orc priests
  2 sleepcaps
  3 iguanas
  6 orc wizards
  12 gnolls
  3 adders
  A river rat (Sewer)
  A shadow imp (D:5)
  2 white imps
  2 ufetubi
  6 worms
  2 dart slugs (D:2)
  44 orcs
  9 ball pythons
  6 bats (D:1)
  14 endoplasms
  3 giant cockroaches
  9 goblins
  5 hobgoblins
  5 jackals
  20 kobolds
  5 quokkas
  3 frilled lizards (D:1)
  9 rats
248 creatures vanquished.

Notes
Turn   | Place    | Note
-------+----------+-------------------------------------------
     0 | D:1      | DildoBatman the Formicid Conjurer began the quest for the
                  | Orb.
     0 | D:1      | Reached XP level 1. HP: 13/13 MP: 3/3
   142 | D:1      | Reached XP level 2. HP: 20/20 MP: 0/5
   145 | D:1      | Learned a level 2 spell: Searing Ray
   524 | D:1      | Reached XP level 3. HP: 25/25 MP: 2/6
   603 | D:1      | Found Nehagut's Antique Armour Shoppe.
   808 | D:2      | Reached skill level 1 in Armour
   835 | D:2      | Reached skill level 1 in Fighting
   870 | D:2      | Found an ornate altar of the Wu Jian Council.
  1011 | D:2      | Reached XP level 4. HP: 32/32 MP: 1/7
  1752 | D:3      | Reached XP level 5. HP: 27/38 MP: 4/9
  2285 | D:3      | Reached XP level 6. HP: 44/44 MP: 7/10
  2361 | D:3      | Found a faded altar of an unknown god.
  3088 | D:4      | Found a staircase to the Ecumenical Temple.
  3095 | Temple   | Entered the Ecumenical Temple
  3111 | Temple   | Became a worshipper of Kikubaaqudgha
  3180 | D:4      | Reached XP level 7. HP: 28/52 MP: 4/12
  3428 | D:4      | Found a glowing drain.
  3446 | Sewer    | Entered a sewer
  3518 | Sewer    | Reached * piety under Kikubaaqudgha
  3518 | Sewer    | Received a gift from Kikubaaqudgha
  3769 | Sewer    | Gained mutation: You occasionally shout uncontrollably at
                  | your foes. [potion of mutation]
  3996 | D:4      | Lost mutation: You occasionally shout uncontrollably at
                  | your foes. [potion of mutation]
  3996 | D:4      | Gained mutation: Your body sometimes deteriorates upon
                  | taking damage. [potion of mutation]
  3996 | D:4      | Gained mutation: You have large cloven feet. [potion of
                  | mutation]
  4046 | D:4      | Found a radiant altar of Vehumet.
  4048 | D:4      | Reached skill level 5 in Conjurations
  4075 | D:4      | Found a sacrificial altar of Ru.
  4192 | D:5      | Entered Level 5 of the Dungeon
  4227 | D:5      | Reached XP level 8. HP: 60/60 MP: 8/14
  4370 | D:5      | Found a white marble altar of Elyvilon.
  4522 | D:5      | Reached skill level 5 in Spellcasting
  4581 | D:5      | Reached skill level 5 in Fighting
  4581 | D:5      | Reached skill level 5 in Armour
  4683 | D:5      | Lost mutation: Your body sometimes deteriorates upon taking
                  | damage. [potion of mutation]
  4683 | D:5      | Lost mutation: You have large cloven feet. [potion of
                  | mutation]
  4683 | D:5      | Gained mutation: Your movements are slightly less
                  | encumbered by armour. (ER -2) [potion of mutation]
  4683 | D:5      | Lost mutation: Your movements are slightly less encumbered
                  | by armour. (ER -2) [potion of mutation]
  4683 | D:5      | Gained mutation: You are somewhat resistant to further
                  | mutation. [potion of mutation]
  4683 | D:5      | Gained mutation: You are agile. (Dex +4, Str/Int -1)
                  | [potion of mutation]
  4694 | D:5      | Found a shadowy altar of Dithmenos.
  4702 | D:5      | Noticed Duvessa
  4715 | D:5      | Noticed Dowan
  4718 | D:5      | Killed Duvessa
  4720 | D:5      | Killed Dowan
  4870 | D:5      | Reached XP level 9. HP: 45/68 MP: 12/19
  5194 | D:6      | Reached ** piety under Kikubaaqudgha
  5289 | D:6      | Noticed Maggie
  5318 | D:6      | Found an iron altar of Okawaru.
  5586 | D:6      | Found Yfein's Distillery.
  5607 | D:6      | Lost mutation: You are somewhat resistant to further
                  | mutation. [potion of mutation]
  5607 | D:6      | Lost mutation: You are agile. (Dex +4, Str/Int -1) [potion
                  | of mutation]
  5607 | D:6      | Gained mutation: You passively map a small area around you.
                  | [potion of mutation]
  5642 | D:6      | Noticed Sigmund
  5665 | D:6      | Killed Sigmund
  5813 | D:6      | You fall into a shaft and drop 3 floors!
  6027 | D:9      | Reached XP level 10. HP: 67/77 MP: 15/20
  6042 | D:9      | Reached skill level 5 in Dodging
  6202 | D:9      | Noticed a two-headed ogre
  6600 | D:7      | Found a sparkling altar of Nemelex Xobeh.
  6650 | D:7      | Found a hide-covered altar of Uskayaw.
  6673 | D:7      | Lost mutation: You passively map a small area around you.
                  | [potion of mutation]
  6673 | D:7      | Gained mutation: You are weak. (Str -2) [potion of
                  | mutation]
  6673 | D:7      | Gained mutation: You passively map a small area around you.
                  | [potion of mutation]
  6673 | D:7      | Gained mutation: Your spells are a little harder to cast,
                  | but a little more powerful. [potion of mutation]
  6775 | D:6      | Bought a potion of mutation for 88 gold pieces
  6924 | D:7      | Found an opulent altar of Gozag.
  6924 | D:7      | Found a burning altar of Makhleb.
  6925 | D:7      | Found a shimmering blue altar of Sif Muna.
  6930 | D:7      | Found a blossoming altar of Fedhas.
  6932 | D:7      | Found a broken altar of Ashenzari.
  6932 | D:7      | Found a shimmering altar of Xom.
  7455 | D:8      | Noticed Prince Ribbit
  7499 | D:8      | Killed Prince Ribbit
  7796 | D:9      | Killed a two-headed ogre
  8104 | D:9      | Reached *** piety under Kikubaaqudgha
  8104 | D:9      | Received a gift from Kikubaaqudgha
  8117 | D:9      | Learned a level 5 spell: Borgnjor's Vile Clutch
  8269 | D:10     | Entered Level 10 of the Dungeon
  8349 | D:10     | Reached skill level 1 in Necromancy
  8349 | D:10     | Reached skill level 1 in Earth Magic
  8374 | D:10     | Found a glowing golden altar of the Shining One.
  8410 | D:10     | Reached XP level 11. HP: 87/87 MP: 16/21
  8902 | D:10     | Reached skill level 5 in Earth Magic
  9498 | D:11     | Noticed a purple ugly thing
  9518 | D:11     | Noticed a red ugly thing
  9711 | D:11     | Noticed a two-headed ogre
  9739 | D:11     | Noticed Snorg
  9739 | D:11     | Noticed a two-headed ogre
  9750 | D:11     | Reached skill level 5 in Necromancy
  9752 | D:11     | Killed a two-headed ogre
  9773 | D:12     | HP: 4/85 [Snorg (1)]
  9780 | D:12     | Killed Snorg
  9789 | D:12     | Noticed a manticore
  9792 | D:12     | Noticed Fannar
  9794 | D:12     | HP: 3/87 [barbs]
  9796 | D:12     | HP: 1/87 [barbs]
  9796 | D:11     | Mangled by a komodo dragon

Illustrated notes

Levels and vault maps discovered:
D:1:      minmay_arrival_stair_chambers, layout_rooms, serial_shops,
          nicolae_shop_behind_doors
D:2:      layout_basic, basic_altar
D:3:      layout_loops_ring, dreamdust_ecumenical_altar_hidden_monk_grotto,
          roderic_lattice_a
D:4:      layout_rooms, general_overflow_altar, kennysheep_little_box,
          minmay_temple_entry_drinking_statues, cheibrodos_sewer_entry_bend
D:5:      layout_basic, elyvilon_altar_3, nicolae_overflow_crystal_walls,
          uniq_duvessa
D:6:      layout_cave_pods, lemuel_doored_altar, serial_shops, shop,
          st_stairs_6, uniq_sigmund, uniq_maggie
D:7:      layout_basic, grunt_temple_overflow_open, nemelex_spade_bored_becter,
          mainiacjoe_overflow_alcove_2
D:8:      layout_basic, uniq_prince_ribbit1
D:9:      layout_roguey, eino_curves_03
D:10:     layout_gridville, lemuel_crystal_altar, minmay_misc_feat_more_columns,
          amcnicky_mini_rare_corridor_liquid, hangedman_decor_diamond_cutter,
          eino_small_chamber_without_monster
D:11:     minmay_curly_fans, layout_small_grid, erik_lair_dragon, uniq_snorg
D:12:     layout_gridville, erik_orc_4, uniq_rupert, uniq_kirke, uniq_fannar
Temple:   hellmonk_temple_forest_ring

Skill      XL: |  1  2  3  4  5  6  7  8  9 10 11 |
---------------+----------------------------------+-----
Dodging        | 2 3 4 6 |  6.5
Armour         | 1 2 3 5 6 8 |  8.6
Stealth        | 3 |  3.0
Fighting       | 1 2 3 4 5 6 8 |  8.6
Conjurations   | 4 5 |  5.0
Spellcasting   | 3 4 6 7 |  7.0
Necromancy     | 2 6 |  6.0
Earth Magic    | 2 7 |  7.3

Action                     |  1- 3 |  4- 6 |  7- 9 | 10-12 || total
---------------------------+-------+-------+-------+-------++-------
  Melee: Unarmed           |     5 |       |       |       ||     5
         Dagger            |     6 |    12 |       |       ||    18
         Short sword       |       |    38 |     1 |       ||    39
         Staff             |       |     9 |     4 |       ||    13
         Punch             |       |     1 |     3 |     8 ||    12
         Spear             |       |       |   238 |   395 ||   633
   Fire: Sling             |    39 |    32 |       |       ||    71
         Shortbow          |       |       |    13 |     1 ||    14
   Cast: Magic Dart        |    39 |    15 |    12 |     8 ||    74
         Searing Ray       |     6 |    21 |    38 |    33 ||    98
         Borgnjor's Vile C |       |       |       |     7 ||     7
Ability: Shaft Self        |       |       |     1 |       ||     1
    Use: Scroll            |       |     2 |       |       ||     2
         Potion            |       |       |    12 |     4 ||    16
   Stab: Sleeping          |     1 |     1 |     4 |     4 ||    10
 Armour: Robe              |     4 |     9 |       |       ||    13
         Leather armour    |       |    15 |   105 |    18 ||   138
         Steam dragon scal |       |       |       |   151 ||   151
  Dodge: Dodged            |    19 |    43 |   198 |   597 ||   857
